 Dungeon Crawl Stone Soup version 0.31.0-11-ge490571c62 (webtiles) character file.

Game seed: 4597070743831454898

175 EonDragon20 the Changeling (level 5, -4/37 HPs)
             Began as a Merfolk Shapeshifter on Feb 8, 2024.
             Slain by a gnoll
             ... wielding a +0 flail
              (6 damage)
             ... on level 2 of the Dungeon.
             The game lasted 00:07:31 (2208 turns).

EonDragon20 the Changeling (Merfolk Shapeshifter)   Turns: 2208, Time: 00:07:32

Health: -4/37      AC:  0    Str: 14    XL:     5   Next: 55%
Magic:  5/5        EV: 17    Int: 10    God:
Gold:   77         SH:  0    Dex: 15    Spells: 4/4 levels left

rFire   . .          .
                       - Unarmed
rCold   . . .        (shield currently unavailable)
rNeg    . . .        f - melded +3 leather armour
rPois   .            (no helmet)
rElec   .            (no cloak)
rCorr   .            (no gloves)
SInv    .            (no boots)
Will    .....        (no amulet)
Stlth   +            (no ring)
HPRegen 0.26/turn    (no ring)
MPRegen 0.09/turn

%: no passive effects
@: flux-form, glowing
A: glow, contaminating, (nimble swimmer 2), mertail
a: Begin Untransformation


You were on level 2 of the Dungeon.
You were something dangerously unstable.
You visited 1 branch of the dungeon, and saw 2 of its levels.

You collected 77 gold pieces.

Inventory:

Armour
 a - a +0 animal skin
 f - a +3 leather armour (melded)
Jewellery
 k - an amulet of magic regeneration
Talismans
 c - a beast talisman
 d - a flux talisman (active)
Wands
 l - a wand of polymorph (5)
Scrolls
 e - a scroll of amnesia {unknown}
 j - a scroll of fear {unknown}
 m - a scroll of vulnerability {unknown}
Potions
 b - a potion of lignification
 g - a potion of attraction {unknown}
 h - a potion of brilliance {unknown}
 i - 2 potions of heal wounds {unknown}


   Skills:
 + Level 1.5 Fighting
 + Level 3.0 Dodging
 + Level 3.4 Unarmed Combat
 - Level 7.2 Shapeshifting


You had 4 spell levels left.
You didn't know any spells.
Your spell library contained the following spells:

 Spells                   Type           Power      Damage    Failure   Level
 Tukima's Dance           Hex            0%         N/A       75%         3
 Passage of Golubria      Tloc           0%         N/A       98%         4
 Yara's Violent Unravell  Hex/Alch       0%         3d3       100%        5


Dungeon Overview and Level Annotations

Branches:
Dungeon (2/15)

Altars:


Innate Abilities, Weirdness & Mutations

You are something dangerously unstable.
You glow with magical radiation, making you easy to see and hit.
Foes you strike become dangerously contaminated with magical radiation.
You are incapable of wielding weapons or throwing items.
((You are very nimble when in or above water. (Stealth+, EV+, Speed+++)))
Your lower body shifts to a powerful aquatic tail in water.


Message History

You hit Natasha.
Natasha begins to glow.
Natasha is almost dead.
The cerulean imp barely misses you. Natasha barely misses you.
The cerulean imp misses you.
You hit Natasha.
You kill Natasha!
You feel Natasha's spirit has finally been put to rest.
The cerulean imp disappears in a puff of smoke! x2
Your Dodging skill increases to level 3!
You start resting.
HP restored.
You start waiting.
Done waiting.
Items here: ))))))))) [[ ÷÷÷÷÷÷÷.
The gnoll shouts!
You hear a shout! x3
There are monsters nearby!
The gnoll shouts!
The gnoll attacks as it pursues you! The gnoll closely misses you.
The gnoll attacks as it pursues you!
The gnoll hits you from afar with a +0 halberd.
Items here: ))))))))) [[ ÷÷÷÷÷÷÷.
Items here: ))) ÷÷.
Things that are here:
a +0 dagger; a goblin skeleton The gnoll hits you with a +0 flail!
The gnoll hits you from afar with a +0 halberd!
* * * LOW HITPOINT WARNING * * *
Things that are here:
a +0 dagger; a goblin skeleton You hit the gnoll.
The gnoll begins to glow.
The gnoll is moderately wounded.
The gnoll misses you.
You barely miss the gnoll.
The gnoll is moderately wounded.
The gnoll closely misses you. The gnoll hits you with a +0 flail!
* * * LOW HITPOINT WARNING * * *
The gnoll attacks as it pursues you! The gnoll closely misses you.
Okay, then.
The gnoll attacks as it pursues you! The gnoll hits you with a +0 flail.
You die...

.#.###......######.# ..~~..
.#..........# #..# ~g.~.
.#####......#
#.##~~~..~..~~...
....##......#
#.#~~~..~..~..~..
....##......#
##.#~~.?.~.⌠~..~.5
##..........#
#..#~~..~..~⌠.~...
..#.........#
#.##~~..~..~..~..~
..####......# #.#
#~...~~..~..~~ ......#...###
#p## #.......~..~.
..........# #g.#
#........~~.. #.###.....#
##)###....gg......
#.###.....# #g##.............
..#.......#
##g######....#####
###.#.....######.....gg..####
#.##....#..............#
#......>..#####........#
####....### #........#


You could see 3 gnolls.

Vanquished Creatures
  Natasha (thrice) (D:2)
  Robin (D:2)
  3 gnolls
  A dart slug (D:1)
  A ribbon worm (D:2)
  4 bats
  2 endoplasms
  3 giant cockroaches
  14 goblins (D:2)
  4 hobgoblins
  A quokka (D:2)
  7 ball pythons
  5 frilled lizards
  3 kobolds
  6 rats
58 creatures vanquished.

Notes
Turn   | Place    | Note
-------+----------+-------------------------------------------
     0 | D:1      | EonDragon20 the Merfolk Shapeshifter began the quest for
                  | the Orb.
     0 | D:1      | Reached XP level 1. HP: 15/15 MP: 1/1
   154 | D:1      | Reached XP level 2. HP: 21/21 MP: 2/2
   429 | D:1      | Found a faded altar of an unknown god.
   667 | D:1      | Reached skill level 5 in Shapeshifting
  1000 | D:2      | Reached XP level 3. HP: 26/26 MP: 3/3
  1190 | D:1      | HP: 1/26 [gnoll/+0 flail (4)]
  1321 | D:2      | Reached XP level 4. HP: 23/32 MP: 4/4
  1376 | D:2      | Reached skill level 6 in Shapeshifting
  1471 | D:2      | Noticed Natasha
  1487 | D:2      | Killed Natasha
  1506 | D:2      | Noticed Natasha
  1521 | D:2      | Killed Natasha
  1522 | D:2      | Reached XP level 5. HP: 24/37 MP: 5/5
  1781 | D:2      | Identified the +2 helmet "Fodiyved" {rF+ Will+ SInv Stlth-}
  1781 | D:2      | Noticed Robin
  1786 | D:2      | Reached skill level 7 in Shapeshifting
  1799 | D:2      | Killed Robin
  1937 | D:2      | Noticed Natasha
  1965 | D:2      | Killed Natasha
  2208 | D:2      | Slain by a gnoll

Illustrated notes

Levels and vault maps discovered:
D:1:      psy_arrival_spokes, layout_basic, ebering_ecumenical_altar_rust,
          hangedman_glass_teeth, nicolae_titane
D:2:      cheibrodos_helix_gallery, layout_basic, minmay_close_crescents,
          uniq_robin, uniq_terence, uniq_natasha

Skill      XL: |  1  2  3  4  5 |
---------------+----------------+-----
Shapeshifting  | 5 6 7 |  7.2
Dodging        | 3 |  3.0
Fighting       | |  1.5
Unarmed Combat | |  3.4

Action                     |  1- 3 |  4- 6 || total
---------------------------+-------+-------++-------
  Melee: Unarmed           |    76 |    91 ||   167
         Punch             |     3 |     1 ||     4
   Stab: Sleeping          |       |     1 ||     1
 Armour: Animal skin       |     8 |       ||     8
         Leather armour    |    30 |    35 ||    65
         Skin              |       |    12 ||    12
  Dodge: Dodged            |    56 |    59 ||   115
   Form: Flux              |       |     1 ||     1
